 Dungeon Crawl Stone Soup version 0.29-a0-284-gf9362112df (webtiles) character file.

Game seed: 13384110454559011372

2574 spaghetti the Thaumaturge (level 9, -1/45 HPs)
             Began as a Deep Elf Venom Mage on Mar 29, 2022.
             Was a Priest of Fedhas.
             Slain by a vampire mosquito (3 damage)
             ... on level 7 of the Dungeon.
             The game lasted 00:20:37 (7407 turns).

spaghetti the Thaumaturge (Deep Elf Venom Mage)     Turns: 7407, Time: 00:20:37

Health: -1/45      AC: 12    Str:  5    XL:     9   Next: 32%
Magic:  18/23      EV: 12    Int: 29    God:    Fedhas [***...]
Gold:   91         SH:  5    Dex: 18    Spells: 13/24 levels left

rFire   + . .      SeeInvis .   t - +6 mace "Ofomuen" {drain, Dex+3, mace}
rCold   x . .      Faith    .   (no shield)
rNeg    . . .      Spirit   .   L - +1 leather armour "Rucuheyff" {*Corrode rElec rPois Int+4}
rPois   +          Reflect  +   (no helmet)
rElec   +          Harm     .   i - +0 cloak
rCorr   .          Rampage  .   M - +0 pair of gloves
Will    .....                   Q - +1 pair of boots
Stlth   ++........              K - amulet of reflection
HPRegen 0.15/turn               E - +4 ring of protection
MPRegen 0.18/turn               h - ring of fire

@: mighty, about to teleport
A: no striking features
a: Renounce Religion, Wall of Briars, Grow Ballistomycete


You were on level 7 of the Dungeon.
You worshipped Fedhas.
Fedhas was most pleased with you.
You visited 1 branch of the dungeon, and saw 7 of its levels.

You collected 298 gold pieces.
You spent 207 gold pieces at shops.


   Skills:
 - Level 2.4 Dodging
 - Level 2.4 Stealth
 + Level 8.2 Spellcasting
 + Level 5.3 Conjurations
 - Level 4.0 Transmutations
 - Level 5.0 Ice Magic
 + Level 4.8 Air Magic
 - Level 6.0 Poison Magic
 + Level 4.5 Invocations


You had 13 spell levels left.
You knew the following spells:

 Your Spells              Type           Power      Damage    Failure   Level
a - Sting                 Tmut/Pois      100%       1d8       1%          1
b - Mephitic Cloud        Conj/Pois/Air  43%        N/A       2%          3
c - Ignite Poison         Fire/Tmut/Pois 46%        N/A       6%          3
d - Olgreb's Toxic Radia  Pois           46%        N/A       6%          4

Your spell library contained the following spells:

 Spells                   Type           Power      Damage    Failure   Level
 Freeze                   Ice            100%       1d11      1%          1
 Poisonous Vapours        Pois/Air       86%        N/A       1%          2
 Frozen Ramparts          Ice            80%        1d10      3%          3
 Hailstorm                Conj/Ice       41%        3d10      9%          4
 Portal Projectile        Hex/Tloc       22%        N/A       22%         3
 Freezing Cloud           Conj/Ice/Air   20%        6-21      26%         5
 Blade Hands              Tmut           17%        N/A       38%         5
 Excruciating Wounds      Necr           5%         N/A       91%         5
 Simulacrum               Ice/Necr       13%        N/A       99%         6
 Polar Vortex             Ice            20%        N/A       100%        9

Inventory:

Hand Weapons
 t - the +6 mace "Ofomuen" (weapon) {drain, Dex+3, mace}
   (You found it on level 2 of the Dungeon)

   A truly terrible weapon, it drains the life of any living foe it strikes.
   Dex:       It affects your dexterity (+3).
Missiles
 e - 86 stones {throwing}
 x - 7 poisoned darts {throwing}
Armour
 i - a +0 cloak (worn)
   (You took it off Crazy Yiuf on level 6 of the Dungeon)
 J - an orb of light
   (You found it on level 5 of the Dungeon)
 L - the +1 leather armour "Rucuheyff" (worn) {*Corrode rElec rPois Int+4}
   (You bought it in a shop on level 5 of the Dungeon)

   Int:       It affects your intelligence (+4).
   rElec:     It insulates you from electricity.
   rPois:     It protects you from poison.
   *Corrode:  It may corrode you when you take damage.
 M - a +0 pair of gloves (worn)
   (You bought it in a shop on level 5 of the Dungeon)
 Q - a +1 pair of boots (worn)
   (You found it on level 6 of the Dungeon)
Jewellery
 a - the ring "Uliosat" {rF++ Will+ Int+4 Dex-5}
   (You found it on level 6 of the Dungeon)

   [ring of willpower]

   Int:       It affects your intelligence (+4).
   Dex:       It affects your dexterity (-5).
   rF:        It greatly protects you from fire.
   Will:      It increases your willpower.
 h - a ring of fire (right hand)
   (You found it on level 1 of the Dungeon)
 D - a ring of flight
   (You found it on level 3 of the Dungeon)
 E - a +4 ring of protection (left hand)
   (You found it on level 3 of the Dungeon)
 K - an amulet of reflection (around neck)
   (You found it on level 5 of the Dungeon)
 N - a ring of resist corrosion
   (You found it on level 5 of the Dungeon)
Wands
 y - a wand of polymorph (22)
   (You found it on level 3 of the Dungeon)
 B - a wand of iceblast (4)
   (You found it on level 3 of the Dungeon)
 O - a wand of flame (14)
   (You found it on level 5 of the Dungeon)
Scrolls
 f - 2 scrolls of fear
 g - a scroll of magic mapping {!r}
 w - 2 scrolls of vulnerability {!r!r}
 I - a scroll of amnesia
Potions
 b - a potion of magic
 c - a potion of brilliance {unknown}
 d - 2 potions of attraction {!q}
 A - a potion of cancellation {unknown}
 C - a potion of haste {@q3}
 H - a potion of curing {unknown}
 P - a potion of ambrosia {unknown}

Dungeon Overview and Level Annotations

Branches:
Dungeon (7/15)             Temple (0/1) D:7

Altars:
Cheibriados
Fedhas
Kikubaaqudgha
Nemelex Xobeh
Trog
Uskayaw
Wu Jian

Shops:
D:4 * D:5

[
.##...........#
#............
.###.......####
#....##....>.
.###.#....##
###..........
..#..##.###.y
..#.......#...
.........# .###
###
#.......#...
#.###.##.# #|$
$[ ##......<.†.
....###..#
#####
..........#
....###..##
#..#
.##........
.....#....##


+5@+ #........ ...........####y8# .......... #...###..##.#.#y## ...........
#.............°y.# ........... ...............>.# ...........
....#............... [#..##.........##.y... .....#.............y##
...................... You could see 4 vampire mosquitoes and a shadow imp.


Message History

The shadow imp barely misses you.
You barely miss the shadow imp. The shadow imp barely misses you.
The shadow imp misses you.
You barely miss the shadow imp.
The two-headed ogre shouts in stereo!
The vampire mosquito bites you but does no damage.
A vampire mosquito comes into view.
The shadow imp barely misses you.
Casting: Ignite Poison (dangerous; 6% risk of failure)
Confirm with . or Enter, or press ? or * to list all spells.
You can't see any susceptible monsters within range! (Use Z to cast anyway.)
Casting: Ignite Poison (dangerous; 6% risk of failure)
Confirm with . or Enter, or press ? or * to list all spells.
Aiming: Mephitic Cloud (dangerous; 2% risk of failure)
Press: ? - help, Shift-Dir - straight line, f - vampire mosquito
Aim: a vampire mosquito (not susceptible)
The ball explodes into a vile cloud!
The stinking cloud engulfs the vampire mosquito but does no damage.
The stinking cloud engulfs you but does no damage.
The vampire mosquito buzzes angrily.
You hear an angry buzzing noise.
You block the vampire mosquito's attack.
The vampire mosquito misses you. The shadow imp gestures at you.
Pain shoots through your body! 😮 HP[-8] MP[-3]
You take 8 damage, and now have 23/45 hp.
You lost 3 mp, and now have 20/23 mp.
The vampire mosquito attacks as you move away!
The vampire mosquito bites you but does no damage.
The vampire mosquito closely misses you.
The shadow imp closely misses you. 😮 HP[+1] Unknown command.
Casting: Mephitic Cloud (dangerous; 2% risk of failure)
Confirm with . or Enter, or press ? or * to list all spells.
You feel a surge of power!
You ignite the poison in your surroundings!
The vampire mosquito buzzes angrily.
The vampire mosquito is engulfed in blazing flames.
The vampire mosquito barely misses you. The shadow imp closely misses you.
The vampire mosquito is engulfed in blazing flames.
The vampire mosquito bites you but does no damage. 😮 MP[-3]
You lost 3 mp, and now have 17/23 mp.
Unknown command.
You sock the shadow imp!
The vampire mosquito is engulfed in blazing flames.
The vampire mosquito bites you but does no damage.
The vampire mosquito is engulfed in blazing flames.
The vampire mosquito bites you!
* * * LOW HITPOINT WARNING * * *
The vampire mosquito draws strength from your injuries!
You block the shadow imp's attack.
A vampire mosquito comes into view.
The vampire mosquito is engulfed in blazing flames.
The vampire mosquito bites you.
* * * LOW HITPOINT WARNING * * *
The vampire mosquito draws strength from your injuries!
The shadow imp hits you but does no damage. 😱 HP[-13]
You take 13 damage, and now have 11/45 hp.
MASSIVE DAMAGE!! (PAUSE)
You barely miss the shadow imp.
The vampire mosquito is engulfed in blazing flames.
The vampire mosquito closely misses you.
The vampire mosquito is engulfed in blazing flames.
The vampire mosquito bites you but does no damage.
The vampire mosquito is engulfed in blazing flames.
You block the shadow imp's attack. 😱 MP[+1] Unknown command.
Casting: Ignite Poison (dangerous; 6% risk of failure)
Confirm with . or Enter, or press ? or * to list all spells.
You can't see any susceptible monsters within range! (Use Z to cast anyway.)
Casting: Ignite Poison (dangerous; 6% risk of failure)
Confirm with . or Enter, or press ? or * to list all spells.
Aiming: Mephitic Cloud (dangerous; 2% risk of failure)
Press: ? - help, Shift-Dir - straight line, f - you, p - vampire mosquito
Okay, then.
Okay, then.
Okay, then.
As you read the scroll of teleportation {@r4}, it crumbles to dust.
You feel strangely unstable. The vampire mosquito bites you!
* * * LOW HITPOINT WARNING * * *
The vampire mosquito draws strength from your injuries!
The vampire mosquito is engulfed in blazing flames.
You block the vampire mosquito's attack.
The shadow imp barely misses you.
The vampire mosquito is engulfed in blazing flames. 😱 HP[-10]
You take 10 damage, and now have 1/45 hp.
MASSIVE DAMAGE!! (PAUSE) It was a potion of might.
You feel very mighty all of a sudden.
The vampire mosquito closely misses you.
The vampire mosquito is engulfed in blazing flames.
The vampire mosquito bites you.
You die...
Fedhas appreciates your contribution to the ecosystem.

Skill      XL: |  1  2  3  4  5  6  7  8  9 |
---------------+----------------------------+-----
Transmutations | 2 3 4 |  4.0
Poison Magic   | 4 5 6 |  6.0
Spellcasting   | 4 5 6 7 8 |  8.2
Conjurations   | 1 2 3 4 5 |  5.3
Ice Magic      | 1 2 3 4 5 |  5.0
Air Magic      | 1 2 4 |  4.8
Invocations    | 1 4 |  4.5
Dodging        | |  2.4
Stealth        | |  2.4

Action                   |  1- 3 |  4- 6 |  7- 9 || total
-------------------------+-------+-------+-------++-------
Melee: Unarmed           |     5 |       |       ||     5
       Mace              |     7 |    14 |    55 ||    76
       Punch             |       |       |     4 ||     4
 Cast: Sting             |    73 |    60 |    53 ||   186
       Mephitic Cloud    |       |     5 |    19 ||    24
       Ignite Poison     |       |     4 |    21 ||    25
       Olgreb's Toxic Ra |       |     4 |    10 ||    14
  Use: Potion            |       |       |     2 ||     2
       Scroll            |       |       |    11 ||    11
 Stab: Sleeping          |     1 |     1 |       ||     2
       Confused          |       |       |     1 ||     1
Armor: Robe              |    10 |     6 |     2 ||    18
       Leather armour    |       |       |    41 ||    41
Dodge: Dodged            |    32 |    19 |    61 ||   112
Block: Other             |       |       |    28 ||    28
       Reflection        |       |       |     1 ||     1

Levels and vault maps discovered:
D:1:      ldierk_walled_garden_2, layout_loops_ring
D:2:      layout_rooms, minmay_crystal_room
D:3:      minmay_skewed_foursquare, layout_rooms, nemelex_diamond_rough_becter,
          basic_ecumenical_altar
D:4:      layout_basic, serial_shops, kennysheep_mini
D:5:      layout_cave_pools, old_standard_altar, lemuel_coloured_pillars_altar,
          serial_shops, shop_statue, serial_column_ruins,
          column_ruins_circle_medium, column_ruins_columns_corner,
          column_ruins_columns_straight, column_ruins_open_tiny,
          column_ruins_open_tiny, column_ruins_columns_T,
          column_ruins_corridor_straight, uniq_grinder
D:6:      layout_basic, trog_three_pillars_becter, jmf_multi_god_temple2,
          ebering_ghost_reflecting_pool, minivault_4, chequers_mini_garden,
          uniq_sigmund, uniq_crazy_yiuf_cottage, uniq_duvessa
D:7:      minmay_chambers_of_sixes, layout_cave_pools,
          minmay_temple_entry_butterflies

Notes
Turn   | Place    | Note
-------+----------+-------------------------------------------
     0 | D:1      | spaghetti the Deep Elf Venom Mage began the quest for the
                  | Orb.
     0 | D:1      | Reached XP level 1. HP: 10/10 MP: 6/6
     0 | D:1      | magus.rc [v1.9.6]
   562 | D:1      | Reached XP level 2. HP: 15/15 MP: 6/8
  1254 | D:1      | Reached skill level 2 in Transmutations
  1628 | D:2      | Identified the +6 mace "Ofomuen" {drain, Dex+3}
  1721 | D:2      | Reached XP level 3. HP: 19/19 MP: 10/10
  1952 | D:2      | Reached skill level 4 in Poison Magic
  1956 | D:2      | Learned a level 3 spell: Mephitic Cloud
  1965 | D:3      | Reached skill level 4 in Spellcasting
  2131 | D:3      | Found a sparkling altar of Nemelex Xobeh.
  2191 | D:3      | Reached XP level 4. HP: 14/24 MP: 3/12
  2665 | D:3      | You add the spells Ignite Poison and Freezing Cloud to your
                  | library.
  2774 | D:3      | Found a faded altar of an unknown god.
  2796 | D:3      | Reached XP level 5. HP: 15/28 MP: 5/13
  2881 | D:3      | Prayed at the altar of an unknown god.
  2881 | D:3      | Became a worshipper of Fedhas Madash
  2881 | D:3      | Reached * piety under Fedhas
  3378 | D:4      | You pick up a book of Weapons and begin reading...
  3378 | D:4      | You add the spells Portal Projectile, Excruciating Wounds
                  | and Blade Hands to your library.
  3499 | D:4      | Reached skill level 5 in Poison Magic
  3549 | D:4      | Reached skill level 3 in Transmutations
  3553 | D:4      | Learned a level 3 spell: Ignite Poison
  3558 | D:4      | Learned a level 4 spell: Olgreb's Toxic Radiance
  3776 | D:4      | Found Laciem's General Store.
  3867 | D:4      | Noticed a sky beast
  3870 | D:4      | Killed a sky beast
  3871 | D:4      | Reached skill level 5 in Spellcasting
  3871 | D:4      | Reached skill level 1 in Conjurations
  3871 | D:4      | Reached skill level 1 in Ice Magic
  3871 | D:4      | Reached skill level 1 in Air Magic
  3871 | D:4      | Reached XP level 6. HP: 32/32 MP: 8/15
  4287 | D:5      | Entered Level 5 of the Dungeon
  4354 | D:5      | Noticed Grinder
  4362 | D:5      | Killed Grinder
  4363 | D:5      | Reached skill level 2 in Conjurations
  4363 | D:5      | Reached skill level 2 in Ice Magic
  4363 | D:5      | Reached skill level 2 in Air Magic
  4363 | D:5      | Reached XP level 7. HP: 36/36 MP: 8/17
  4512 | D:5      | Found Vudus's Antique Armour Emporium.
  4531 | D:5      | Bought a heavily runed leather armour for 126 gold pieces
  4531 | D:5      | Identified the +1 leather armour "Rucuheyff" {*Corrode
                  | rElec rPois Int+4} (You bought it in a shop on level 5 of
                  | the Dungeon)
  4531 | D:5      | Bought a pair of gloves for 81 gold pieces
  4593 | D:5      | Reached ** piety under Fedhas
  4594 | D:5      | Reached skill level 4 in Transmutations
  4922 | D:5      | You pick up a book of Frost and begin reading...
  4922 | D:5      | You add the spells Freeze, Frozen Ramparts and Hailstorm to
                  | your library.
  5041 | D:5      | Found an ancient bone altar of Kikubaaqudgha.
  5070 | D:5      | Found a hide-covered altar of Uskayaw.
  5251 | D:6      | Found a runed translucent door.
  5259 | D:6      | Noticed Oblizorion's ghost (novice HOFi)
  5263 | D:6      | Reached skill level 6 in Spellcasting
  5318 | D:6      | Found a large runed translucent door.
  5318 | D:6      | Found a large runed translucent door.
  5346 | D:6      | You pick up a book of Ice and begin reading...
  5346 | D:6      | You add the spells Simulacrum and Polar Vortex to your
                  | library.
  5395 | D:6      | Found a bloodstained altar of Trog.
  5401 | D:6      | Reached skill level 3 in Ice Magic
  5401 | D:6      | Reached skill level 1 in Invocations
  5429 | D:6      | Reached skill level 3 in Conjurations
  5435 | D:6      | Reached XP level 8. HP: 39/41 MP: 4/19
  5611 | D:6      | Noticed Duvessa
  5625 | D:6      | Reached skill level 6 in Poison Magic
  5704 | D:6      | Noticed Dowan
  5713 | D:6      | Killed Duvessa
  5714 | D:6      | Reached skill level 3 in Air Magic
  5714 | D:6      | Reached skill level 2 in Invocations
  5717 | D:6      | Killed Dowan
  5896 | D:6      | Identified the ring "Uliosat" {rF++ Will+ Int+4 Dex-5}
  6043 | D:6      | Reached skill level 4 in Ice Magic
  6343 | D:6      | Found a runed translucent door.
  6343 | D:6      | Noticed Crazy Yiuf
  6606 | D:6      | Noticed Sigmund
  6611 | D:6      | Reached skill level 7 in Spellcasting
  6611 | D:6      | Reached skill level 4 in Conjurations
  6611 | D:6      | Reached skill level 3 in Invocations
  6613 | D:6      | Killed Sigmund
  6701 | D:6      | Found a snail-covered altar of Cheibriados.
  6704 | D:6      | Found an ornate altar of the Wu Jian Council.
  6735 | D:6      | Killed Oblizorion's ghost
  6736 | D:6      | Reached skill level 4 in Air Magic
  6736 | D:6      | Reached skill level 4 in Invocations
  6736 | D:6      | Reached XP level 9. HP: 45/45 MP: 10/22
  6870 | D:7      | Found a staircase to the Ecumenical Temple.
  6903 | D:6      | Killed Crazy Yiuf
  6904 | D:6      | Reached skill level 5 in Ice Magic
  7061 | D:7      | Reached *** piety under Fedhas
  7062 | D:7      | Reached skill level 5 in Conjurations
  7198 | D:7      | Reached skill level 8 in Spellcasting
  7398 | D:7      | Noticed a two-headed ogre
  7404 | D:7      | HP: 11/45 [vampire mosquito (5)]
  7406 | D:7      | HP: 1/45 [vampire mosquito (10)]
  7407 | D:7      | Slain by a vampire mosquito

Vanquished Creatures
  The ghost of Oblizorion the Cleaver, a novice HOFi (D:6)
  Grinder (D:5)
  Sigmund (D:6)
  An orc warrior (D:6)
  Duvessa (D:6)
  A sky beast (D:4)
  An ogre (D:7)
  2 centaurs (D:7)
  A phantom (D:7)
  3 necrophages
  2 scorpions
  3 wights (D:6)
  Dowan (D:6)
  A howler monkey (D:5)
  6 hounds
  A jelly (D:6)
  Crazy Yiuf (D:6)
  A gnoll shaman (D:4)
  4 iguanas
  An orc wizard (D:6)
  7 adders
  8 gnolls
  An ufetubus (D:6)
  2 worms
  3 dart slugs
  13 orcs
  5 ball pythons
  5 bats
  7 endoplasms
  2 giant cockroaches (D:1)
  3 hobgoblins
  7 jackals
  4 kobolds
  3 quokkas
  7 frilled lizards
  4 goblins
  8 rats
  A butterfly (D:7)
124 creatures vanquished.

Vanquished Creatures (others)
  2 fungi (D:6)
  4 toadstools (D:1)
6 creatures vanquished.

Grand Total: 130 creatures vanquished

Table legend:
 A = Non-vault XP
 B = Vault XP
 C = Vault XP percentage of total XP
 D = Non-vault monster count
 E = Vault monster count
 F = Vault count percentage of total count
                 A         B        C        D         E       F
            +---------+---------+-------+---------+---------+-------
      Total |    2219 |    1459 |  39.7 |     109 |      14 |  11.4
            +---------+---------+-------+---------+---------+-------
        D:1 |      32 |       0 |   0.0 |      21 |       0 |   0.0
        D:2 |      33 |       0 |   0.0 |      12 |       0 |   0.0
        D:3 |     129 |      25 |  16.2 |      23 |       6 |  20.7
        D:4 |     312 |       0 |   0.0 |      14 |       0 |   0.0
        D:5 |     259 |     267 |  50.8 |      12 |       1 |   7.7
        D:6 |     884 |    1167 |  56.9 |      20 |       7 |  25.9
        D:7 |     570 |       0 |   0.0 |       7 |       0 |   0.0
            +---------+---------+-------+---------+---------+-------

Illustrated notes

Table legend:
 A = Kills in this place as a percentage of kills in entire the game.
 B = Kills by you in this place as a percentage of kills by you in the entire game.
 C = Kills by friends in this place as a percentage of kills by friends in the entire game.
 D = Other kills in this place as a percentage of other kills in the entire game.
 E = Experience gained in this place as a percentage of experience gained in the entire game.
 F = Experience gained in this place divided by the number of levels of this place that you have seen.
                   A       B       C       D       E      F
               +-------+-------+-------+-------+-------+----------------------
         Total | 100.0 | 100.0 |   N/A |   N/A | 100.0 | 525.4
       Dungeon | 100.0 | 100.0 |   N/A |   N/A | 100.0 | 525.4
               +-------+-------+-------+-------+-------+----------------------

Table legend: (Time is in decaauts)
 A = Elapsed time spent in this place.
 B = Non-inter-level travel time spent in this place.
 C = Inter-level travel time spent in this place.
 D = Time resting spent in this place.
 E = Time spent auto-exploring this place.
 F = Levels seen in this place.
 G = Mean time per level.
                   A        B        C        D        E       F      G
               +--------+--------+--------+--------+--------+-----+--------+
         Total |   7442 |   7197 |    245 |    890 |   5357 |   7 | 1063.1 |
       Dungeon |   7442 |   7197 |    245 |    890 |   5357 |   7 | 1063.1 |
               +--------+--------+--------+--------+--------+-----+--------+

Top non-repeatable levels by time:
     D:6: 1744 daAuts
     D:1: 1446 daAuts
     D:3: 1368 daAuts
     D:5: 998 daAuts
     D:4: 973 daAuts
     D:2: 507 daAuts
     D:7: 404 daAuts
